cohdb
Replays
Latest Replays
All Replays
Popular Replays
Top Player Replays
Match Explorer
How It Works
Community
CoH3 Stats
Reddit
Sign in to upload your games and track your stats! →
Sign in with Steam
Match 45247118
Unlisted
Match 45247118
Overview
Messages
Build Orders
End
Pioneer Squad
Pioneer Squad
Construct Infanterie Kompanie
Selects Breakthrough Battlegroup
Selects Breakthrough Battlegroup
MG 42 Machine Gun Team
Grenadier Squad
Selects Assault Grenadiers
Selects Breakthrough
Breakthrough
Construct Luftwaffe Kompanie
Selects Rapid Production
221 Scout Car
Flak 30 Anti-aircraft Gun Team
Jäger Squad
221 Scout Car
Breakthrough
Support Elements
Wirbelwind Flakpanzer
Jäger Squad
Medical Station
Breakthrough
Selects Incendiary Bombing Run
Wirbelwind Flakpanzer
Incendiary Bombing Run
Marder III M Tank Destroyer
Jäger Squad
Breakthrough
Selects Blitzkrieg
Wirbelwind Flakpanzer
Incendiary Bombing Run
Jäger Squad
Marder III M Tank Destroyer
Pioneer Squad
Incendiary Bombing Run
Selects Tiger Heavy Tank
Breakthrough
Markov666
FeriG
0
0
Comments
sign in to comment!
No comments posted yet!